 Dungeon Crawl Stone Soup version 0.29.1-15-g9cfb28693d (webtiles) character file.

Game seed: 15230554700780648434

4241 GeoRichter the Arsonist (level 10, -1/73 HPs)
             Began as a Demonspawn Fire Elementalist on Mar 11, 2023.
             Was an Initiate of Gozag.
             Slain by a scorpion (6 damage)
             ... summoned by Amaemon
             ... on level 9 of the Dungeon.
             The game lasted 00:16:37 (8209 turns).

GeoRichter the Arsonist (DsFE)                      Turns: 8209, Time: 00:16:38

Health: -1/73      AC:  3    Str: 16    XL:     10   Next: 9%
Magic:  6/17       EV: 13    Int: 20    God:    Gozag
Gold:   735        SH:  8    Dex: 13    Spells: 11/18 levels left

rFire   . . .      SeeInvis +   a - +3 spear
rCold   . . .      Faith    .   (no shield)
rNeg    . . .      Spirit   .   G - +0 robe
rPois   .          Reflect  .   (helmet unavailable)
rElec   .          Harm     .   (no cloak)
rCorr   .          Rampage  .   (no gloves)
Will    .....                   D - +0 pair of boots
Stlth   ++........              i - amulet of magic regeneration
HPRegen 0.22/turn               x - +6 ring of strength
MPRegen 0.55/turn               (no ring)

@: lethally poisoned (-1 -> -15), slowed, very slow
A: antennae 3, large bone plates 3, powered by death 1
a: Renounce Religion, Potion Petition, Call Merchant, Bribe Branch


You were on level 9 of the Dungeon.
You worshipped Gozag.
Gozag was pleased with you.
You visited 2 branches of the dungeon, and saw 10 of its levels.

You collected 837 gold pieces.
You paid 102 gold pieces to Gozag.

Inventory:

Hand Weapons
 a - a +3 spear (weapon)
   (You took it off a wight on level 8 of the Dungeon)
 b - a +1 dagger of venom
   (You took it off an orc wizard on level 5 of the Dungeon)
 J - a +5 flail of freezing
   (You took it off a wight on level 9 of the Dungeon)
Missiles
 k - 2 throwing nets {!f}
Armour
 D - a +0 pair of boots (worn)
   (You found it on level 7 of the Dungeon)
 G - a +0 robe (worn)
Jewellery
 f - an amulet of regeneration
   (You found it on level 1 of the Dungeon)
 i - an amulet of magic regeneration (around neck)
   (You found it on level 1 of the Dungeon)
 x - a +6 ring of strength (left hand)
   (You found it on level 7 of the Dungeon)
Wands
 w - a wand of mindburst (12)
   (You took it off an orc on level 5 of the Dungeon)
 y - a wand of paralysis (23)
   (You found it on level 5 of the Dungeon)
 E - a wand of acid (13)
   (You found it on level 7 of the Dungeon)
 I - a wand of digging (7)
   (You found it on level 8 of the Dungeon)
Scrolls
 c - a scroll of enchant armour {unknown}
 d - 3 scrolls of fear {unknown}
 g - 2 scrolls of immolation {unknown}
 h - 3 scrolls of teleportation {unknown}
 j - 2 scrolls of summoning
 m - 2 scrolls of vulnerability {!r}
 n - a scroll of enchant weapon {unknown}
 o - a scroll of poison {unknown}
 q - 4 scrolls of identify {unknown}
 r - 2 scrolls of amnesia {unknown}
 s - a scroll of blinking {unknown}
 t - 2 scrolls of butterflies {unknown}
 z - a scroll of noise {unknown}
 F - a scroll of torment {unknown}
Potions
 l - 2 potions of heal wounds {unknown}
 p - 2 potions of mutation {unknown}
 u - 2 potions of attraction {unknown}
 v - 2 potions of flight {unknown}
 A - a potion of experience {unknown}
 B - a potion of invisibility {unknown}
 C - a potion of cancellation {unknown}
 H - a potion of degeneration {unknown}
 K - a potion of resistance {unknown}


   Skills:
 + Level 4.6 Fighting
 + Level 4.8 Dodging
 - Level 2.0 Stealth
 + Level 4.8 Spellcasting
 + Level 6.9 Conjurations
 + Level 9.1 Fire Magic
 - Level 2.0 Evocations


You had 11 spell levels left.
You knew the following spells:

 Your Spells              Type           Power      Damage    Failure   Level
a - Foxfire               Conj/Fire      100%       2x1d9     1%          1
b - Scorch                Fire           82%        2d9       1%          2
c - Flame Wave            Conj/Fire      37%        2d10      4%          4

Your spell library contained the following spells:

 Spells                   Type           Power      Damage    Failure   Level
 Conjure Flame            Conj/Fire      37%        6-21      1%          3
 Sticky Flame             Conj/Fire      37%        2d6       4%          4
 Inner Flame              Hex/Fire       23%        N/A       5%          3
 Ignite Poison            Fire/Tmut/Pois 17%        N/A       10%         3
 Call Canine Familiar     Summ           4%         N/A       34%         3
 Portal Projectile        Hex/Tloc       8%         N/A       34%         3
 Leda's Liquefaction      Hex/Erth       2%         N/A       75%         4


Dungeon Overview and Level Annotations

Branches:
Dungeon (9/15) Zot: 26629  Temple (1/1) D:6 Zot: 5763
   Lair: D:8-11         Orc: D:9-12

Altars:
Ashenzari
Cheibriados
Dithmenos
Fedhas
Gozag
Hepliaklqana
Kikubaaqudgha
Makhleb
Okawaru
Qazlal
Ru
Sif Muna
Trog
Vehumet
Xom
Yredelemnul

Annotations:
D:3 2 runed translucent doors
D:9 Amaemon


Innate Abilities, Weirdness & Mutations

You have a pair of large antennae on your head. (SInv)
You are completely covered in large bone plates. (SH +8)
You regenerate a little health from kills.


Message History

Flames lash Amaemon.
Amaemon is burned terribly!
Amaemon drinks a potion.
Amaemon is healed!
Flames lash Amaemon.
Amaemon is burned terribly!
Flames lash Amaemon.
Amaemon is burned terribly!
Amaemon closely misses you. You block Amaemon's attack. Amaemon tail-slaps you!
You are poisoned.
Amaemon poisons you!
Flames lash the orange demon.
The orange demon's fire resistance burns away.
You feel very sick.
The orange demon no longer looks unusually toxic.
You block the orange demon's attack.
Amaemon points at the orange demon and mumbles some strange words.
The orange demon seems to grow toxic.
Flames lash the orange demon.
The orange demon is burned terribly!
You feel very sick. The orange demon barely misses you.
Amaemon gestures wildly while chanting.
You conjure some foxfire!
You feel very sick.
The orange demon stings you but does no damage.
Amaemon hits you with a +0 demon whip of venom!
You block Amaemon's attack. Amaemon tail-slaps you.
You are more poisoned.
Amaemon poisons you! The scorpion closely misses you.
The foxfire hits the scorpion but does no damage.
Okay, then.
You feel better.
The foxfire hits the scorpion.
The orange demon stings you from afar!
You are poisoned.
You have difficulty breathing.
* * * LOW HITPOINT WARNING * * *
You feel yourself slow down.
Amaemon hits you with a +0 demon whip of venom!
* * * LOW HITPOINT WARNING * * *
You are lethally poisoned!
Amaemon barely misses you. You block Amaemon's attack.
You block the scorpion's attack.
The scorpion stings you but does no damage.
As you read the scroll labelled FAHOUNANLI, it crumbles to dust.
Wisps of shadow whirl around you...
It was a scroll of summoning.
* * * LOW HITPOINT WARNING * * *
You feel extremely sick. The scorpion closely misses you.
The scorpion completely misses you. You block the scorpion's attack.
You block the orange demon's attack. Amaemon barely misses you.
Amaemon claws you!
* * * LOW HITPOINT WARNING * * *
Amaemon closely misses you. The scorpion stings you.
You die...
Your body crumbles into a pile of gold.

.......................#
...............#.#
................##
..............###
.............o#..
................#
..........o....#># $
......=....Do..# #
.<......s@s...##
.......S.6s...# $
.........4.$....# $
........$......##
.................
.................
..............#. $
...........#.#


You could see Amaemon (combustible), an orange demon (curare, combustible), 3
scorpions, a friendly orc warrior (summoned), a friendly water moccasin
(summoned), a friendly acid dragon (summoned) and 2 friendly orcs.

Vanquished Creatures
  Pikel (D:7)
  A troll (D:8)
  Grinder (D:3)
  Prince Ribbit (D:7)
  A steam dragon (D:6)
  5 yaks
  Menkaure (D:7)
  An acid dragon (D:9)
  3 orc warriors
  2 lemures (D:7)
  2 kobold brigands (D:8)
  A bullfrog (D:7)
  3 scorpions
  11 wights
  A howler monkey (D:9)
  A vampire bat (D:5)
  A jelly (D:6)
  3 orc priests
  3 hounds (D:5)
  2 iguanas
  6 orc wizards
  6 gnolls
  8 adders
  2 shadow imps
  2 white imps
  A worm (D:2)
  3 fire bats (D:5)
  33 orcs
  2 spectral bats (D:5)
  3 bat skeletons (D:5)
  A bat zombie (D:5)
  2 endoplasms (D:1)
  4 giant cockroaches
  5 goblins
  2 hobgoblins
  5 jackals
  4 quokkas
  7 ball pythons
  12 bats
  A bat simulacrum (D:5)
  3 frilled lizards
  17 kobolds
  A rat (D:2)
175 creatures vanquished.

Vanquished Creatures (collateral kills)
  A foxfire (D:5)
1 creature vanquished.

Vanquished Creatures (others)
  597 foxfires
  49 plants (D:5)
646 creatures vanquished.

Grand Total: 822 creatures vanquished

Notes
Turn   | Place    | Note
-------+----------+-------------------------------------------
     0 | D:1      | GeoRichter the Demonspawn Fire Elementalist began the quest
                  | for the Orb.
     0 | D:1      | Reached XP level 1. HP: 13/13 MP: 3/3
   201 | D:1      | Found a faded altar of an unknown god.
   254 | D:1      | Reached skill level 3 in Fire Magic
   308 | D:1      | Gained mutation: You regenerate a little health from kills.
                  | [demonic ancestry]
   308 | D:1      | Reached XP level 2. HP: 19/19 MP: 3/5
   909 | D:1      | Learned a level 2 spell: Scorch
   919 | D:2      | Reached XP level 3. HP: 24/24 MP: 2/6
  1098 | D:2      | Noticed a scorpion
  1121 | D:2      | Killed a scorpion
  1122 | D:2      | Reached skill level 4 in Fire Magic
  1122 | D:2      | Reached XP level 4. HP: 30/30 MP: 0/7
  1555 | D:3      | Gained mutation: You have a pair of small antennae on your
                  | head. [demonic ancestry]
  1555 | D:3      | Reached XP level 5. HP: 35/35 MP: 5/8
  1633 | D:3      | Noticed Grinder
  1636 | D:3      | Paralysed by Grinder for 2 turns
  1648 | D:3      | Killed Grinder
  1649 | D:3      | Reached skill level 5 in Fire Magic
  1649 | D:3      | Gained mutation: You have a pair of antennae on your head.
                  | [demonic ancestry]
  1649 | D:3      | Reached XP level 6. HP: 30/41 MP: 6/9
  1728 | D:3      | Found a large runed translucent door.
  1835 | D:3      | Found a large runed translucent door.
  2737 | D:5      | Entered Level 5 of the Dungeon
  2794 | D:5      | Reached skill level 6 in Fire Magic
  3066 | D:5      | Gained mutation: You are partially covered in large bone
                  | plates. (SH +4) [demonic ancestry]
  3066 | D:5      | Reached XP level 7. HP: 46/46 MP: 6/10
  4221 | D:6      | Reached skill level 7 in Fire Magic
  4261 | D:6      | Reached skill level 1 in Fighting
  4293 | D:6      | Noticed a steam dragon
  4301 | D:6      | Killed a steam dragon
  4302 | D:6      | Reached skill level 5 in Conjurations
  4302 | D:6      | Gained mutation: You have a pair of large antennae on your
                  | head. (SInv) [demonic ancestry]
  4302 | D:6      | Reached XP level 8. HP: 27/54 MP: 3/11
  4841 | D:6      | Found a staircase to the Ecumenical Temple.
  5168 | Temple   | Entered the Ecumenical Temple
  5374 | Temple   | Became a worshipper of Gozag Ym Sagoz the Greedy
  5566 | D:6      | Reached skill level 8 in Fire Magic
  5794 | D:7      | Gained mutation: You are mostly covered in large bone
                  | plates. (SH +6) [demonic ancestry]
  5794 | D:7      | Reached XP level 9. HP: 63/63 MP: 8/14
  5799 | D:7      | Noticed Pikel
  5813 | D:7      | Killed Pikel
  6257 | D:7      | Noticed Prince Ribbit
  6269 | D:7      | Killed Prince Ribbit
  6299 | D:7      | Learned a level 4 spell: Flame Wave
  6425 | D:7      | Noticed Menkaure
  6428 | D:7      | Killed Menkaure
  6625 | D:8      | Reached skill level 1 in Evocations
  7033 | D:8      | Noticed a troll
  7039 | D:8      | Killed a troll
  7040 | D:8      | Reached skill level 9 in Fire Magic
  7861 | D:8      | Gained mutation: You are completely covered in large bone
                  | plates. (SH +8) [demonic ancestry]
  7861 | D:8      | Reached XP level 10. HP: 46/72 MP: 1/17
  8194 | D:9      | Noticed Amaemon
  8199 | D:9      | Noticed an orange demon
  8209 | D:9      | Slain by a scorpion

Illustrated notes

Levels and vault maps discovered:
D:1:      dpeg_arrival_central, layout_basic, chequers_ecumenical_altar_island,
          st_stairs_12
D:2:      layout_basic
D:3:      layout_rooms, jmf_multi_god_temple2, uniq_grinder
D:4:      layout_basic, saegor_snake_ambush
D:5:      layout_loops_cross, serial_bayou, serial_bayou_lagoon_a,
          serial_bayou_pond_b, serial_bayou_ford_a, serial_bayou_pond_d,
          goddamned_bats
D:6:      layout_basic, minmay_temple_entry_grid
D:7:      layout_basic, nicolae_elyvilon_temple_path, uniq_pikel,
          uniq_prince_ribbit1, uniq_menkaure
D:8:      layout_basic
D:9:      layout_big_octagon, dk_rats_in_the_wall, uniq_amaemon
Temple:   nicolae_temple_bog_church

Skill      XL: |  1  2  3  4  5  6  7  8  9 |
---------------+----------------------------+-----
Stealth        | 2 |  2.0
Fire Magic     | 3 4 5 6 7 8 9 |  9.1
Conjurations   | 2 3 4 5 6 |  6.9
Dodging        | 2 3 4 |  4.8
Fighting       | 1 3 4 |  4.6
Spellcasting   | 3 4 |  4.8
Evocations     | 2 |  2.0

Action                   |  1- 3 |  4- 6 |  7- 9 | 10-12 || total
-------------------------+-------+-------+-------+-------++-------
Melee: Dagger            |    10 |    17 |    27 |       ||    54
       Punch             |       |       |     1 |       ||     1
       Spear             |       |       |     1 |       ||     1
 Cast: Foxfire           |    64 |   120 |   183 |    25 ||   392
       Scorch            |       |       |   116 |    15 ||   131
  Use: Scroll            |       |     1 |       |     1 ||     2
       Potion            |       |       |     2 |     1 ||     3
 Stab: Sleeping          |       |     2 |       |       ||     2
Armor: Robe              |     6 |     8 |    25 |     2 ||    41
Dodge: Dodged            |     6 |    27 |    51 |    11 ||    95
Block: Other             |       |       |    17 |     9 ||    26
